 Dungeon Crawl Stone Soup version 0.28-a0-474-g535839065c (webtiles) character file.

Game seed: 2843885226070534192

665 Rennog the Skirmisher (level 7, -12/64 HPs)
             Began as a Red Draconian Transmuter on Sept 16, 2021.
             Was a Believer of Trog.
             Mangled by a hornet (14 damage)
             ... on level 7 of the Dungeon.
             The game lasted 00:07:04 (3918 turns).

Rennog the Skirmisher (Red Draconian Transmuter)    Turns: 3918, Time: 00:07:05

Health: -12/64     AC:  6    Str: 15    XL:     7   Next: 31%
Magic:  10/10      EV: 13    Int: 13    God:    Trog [**....]
Gold:   150        SH:  0    Dex: 11    Spells: 10/10 levels left

rFire   + . .      SeeInvis .   h - +2 falchion (vorpal)
rCold   . . .      Faith    .   (no shield)
rNeg    . . .      Spirit   .   (armour unavailable)
rPois   .          Reflect  .   (helmet restricted)
rElec   .          Harm     .   (no cloak)
rCorr   .          Rampage  .   (no gloves)
Will    +....                   (no boots)
Stlth   +.........              (no amulet)
HPRegen 1.20/turn               (no ring)
MPRegen 0.12/turn               (no ring)

@: weak-willed, strong-willed, on berserk cooldown, regenerating, slowed, very
slow
A: breathe fire, AC +6, unfitting armour, fire resistance 1, cold-blooded
a: Breathe Fire, Renounce Religion, Berserk, Trog's Hand


You were on level 7 of the Dungeon.
You worshipped Trog.
Trog was pleased with you.
You visited 1 branch of the dungeon, and saw 5 of its levels.

You collected 150 gold pieces.

Inventory:

Hand Weapons
 c - a +0 dagger
 h - a +2 vorpal falchion (weapon)
Missiles
 e - 12 poisoned darts (quivered)
Armour
 s - the +2 kite shield of Knowledge {rPois rC+}
   (You found it on level 7 of the Dungeon)

   rC:        It protects you from cold.
   rPois:     It protects you from poison.
Jewellery
 f - a ring of flight
Wands
 p - a wand of flame (24)
Scrolls
 a - a scroll of magic mapping {unknown}
 b - a scroll of enchant weapon
 i - a scroll of summoning {unknown}
 j - 2 scrolls of brand weapon
 k - a scroll of identify
 m - a scroll of fog {unknown}
 r - a scroll of silence {unknown}
Potions
 g - a potion of attraction {unknown}
 o - a potion of cancellation {unknown}


   Skills:
 * Level 6.3 Fighting
 - Level 1.0 Short Blades
 + Level 4.4 Dodging
 - Level 0.4 Stealth
 - Level 3.7 Unarmed Combat
 - Level 2.1 Spellcasting
 - Level 2.2 Transmutations


You had 10 spell levels left.
You didn't know any spells.
Your spell library contained the following spells:

 Spells                   Type           Power      Damage    Failure   Level
 Beastly Appendage        Tmut           14%        N/A       10%         1
 Wereblood                Tmut           7%         N/A       16%         2
 Spider Form              Tmut/Pois      2%         N/A       43%         3
 Ice Form                 Ice/Tmut       4%         N/A       85%         4


Dungeon Overview and Level Annotations

Branches:
Dungeon (7/15)
 Temple: D:4-7

Altars:
Trog

Shops:
D:4 [=:

Annotations:
D:4 1 runed translucent door, asd's ghost, amateur HuFi


Innate Abilities, Weirdness & Mutations

You can breathe blasts of fire.
Your fiery red scales are hard. (AC +6)
You cannot fit into any form of body armour.
Your flesh is heat resistant. (rF+)
You are cold-blooded and may be slowed by cold attacks.


Message History

You destroy the wyvern skeleton!
Trog accepts your kill. The steam dragon breathes steam at you.
The ball of steam misses you.
You feel a strong urge to attack something.
You feel your anger nearly subside.
You are no longer berserk.
You are exhausted.
You feel yourself slow down.
You feel the effects of Trog's Hand fading.
The steam dragon breathes steam at you. The ball of steam hits you. You resist.
* * * LOW HITPOINT WARNING * * *
Your skin stops crawling.
You feel less strong-willed.
Your skin crawls.
You feel strong-willed. The steam dragon breathes steam at you.
The ball of steam hits you. You resist.
* * * LOW HITPOINT WARNING * * *
The hornet is engulfed in a cloud of scalding steam. x2
A kobold brigand comes into view.
It is wielding a +0 club and quivering poisoned darts.
The steam dragon breathes steam at you. The ball of steam hits you. You resist.
* * * LOW HITPOINT WARNING * * *
You hear a shout!
The kobold brigand throws a poisoned dart.
The poisoned dart closely misses you.
The poisoned dart hits the hornet!
The hornet is poisoned.
The hornet stings you!
* * * LOW HITPOINT WARNING * * *
You are lethally poisoned!
You feel as though you will be slow longer.
It was a potion of curing.
You feel better. The steam dragon bites you!
* * * LOW HITPOINT WARNING * * *
The steam dragon claws you.
* * * LOW HITPOINT WARNING * * *
The hornet barely misses you.
The steam dragon bites you but does no damage.
The steam dragon claws you.
* * * LOW HITPOINT WARNING * * *
The hornet stings you!
You die...

...........#############§#
######.###D# .# #.# #§# .#
######.###§###### .#
.........§......## .#
######.###.###...##### .#
#.# #.# #...#...# .# ..#
#.# #.yD#...# ...# #.#
###@....# ##...
..######..K.##### +...
..+..........†..+ #..
..#######.#####.# #.# #.#
#.# #.# #.## #.# #..# #h#
##'####.#


You could see a hornet (very poisoned, weak-willed), a steam dragon
(weak-willed) and a kobold brigand.

Vanquished Creatures
  A water moccasin (D:3)
  A black bear (D:7)
  A scorpion (D:3)
  A wyvern skeleton (D:7)
  A water moccasin skeleton (D:7)
  A bullfrog zombie (D:3)
  A hound (D:7)
  A bullfrog skeleton (D:3)
  Terence (D:2)
  3 hound zombies (D:3)
  4 adders
  An ufetubus (D:4)
  An adder zombie (D:3)
  3 adder skeletons (D:3)
  A worm (D:3)
  2 dart slugs (D:1)
  5 orcs
  4 ball pythons
  6 endoplasms
  5 giant cockroaches
  13 goblins
  7 hobgoblins
  8 kobolds
  3 quokkas (D:1)
  A ball python skeleton (D:3)
  4 ball python zombies (D:3)
  2 bats
  8 frilled lizards
  A giant cockroach zombie (D:3)
91 creatures vanquished.

Vanquished Creatures (others)
  4 withered plants (D:3)
4 creatures vanquished.

Grand Total: 95 creatures vanquished

Notes
Turn   | Place    | Note
-------+----------+-------------------------------------------
     0 | D:1      | Rennog the Draconian Transmuter began the quest for the
                  | Orb.
     0 | D:1      | Reached XP level 1. HP: 16/16 MP: 3/3
   365 | D:1      | Reached XP level 2. HP: 23/23 MP: 3/5
   423 | D:1      | Found a faded altar of an unknown god.
   435 | D:1      | Became a worshipper of Trog the Wrathful
   435 | D:1      | Reached * piety under Trog
  1034 | D:1      | Reached XP level 3. HP: 28/28 MP: 6/6
  1470 | D:2      | Noticed Terence
  1486 | D:2      | Killed Terence
  1487 | D:2      | Reached skill level 1 in Short Blades
  1722 | D:2      | Reached XP level 4. HP: 29/35 MP: 7/7
  2389 | D:3      | Reached skill level 2 in Fighting
  2467 | D:3      | Reached ** piety under Trog
  2510 | D:3      | Noticed a water moccasin
  2570 | D:3      | Killed a water moccasin
  2571 | D:3      | Reached skill level 3 in Fighting
  2571 | D:3      | Reached XP level 5. HP: 15/46 MP: 8/8
  2575 | D:3      | Reached skill level 4 in Fighting
  2876 | D:3      | Reached XP level 6. HP: 53/53 MP: 9/9
  3139 | D:3      | Reached skill level 5 in Fighting
  3414 | D:4      | Found Gusex's Jewellery Emporium.
  3529 | D:4      | Found Mokujog's Book Boutique.
  3534 | D:4      | Found a runed translucent door.
  3535 | D:4      | Noticed asd's ghost (amateur HuFi)
  3745 | D:4      | Found Uprukaam's Antique Armour Shoppe.
  3769 | D:4      | You fall into a shaft and drop 3 floors!
  3849 | D:7      | Your scales start taking on a fiery red colour.
  3849 | D:7      | Reached XP level 7. HP: 55/62 MP: 10/10
  3849 | D:7      | Gained mutation: Your flesh is heat resistant. (rF+) [Red
                  | Draconian growth]
  3866 | D:7      | Reached skill level 6 in Fighting
  3870 | D:7      | Noticed a steam dragon
  3872 | D:7      | Identified the +2 kite shield of Knowledge {rPois rC+}
  3891 | D:7      | Noticed a hornet
  3917 | D:7      | HP: 2/64 [hornet (12)]
  3918 | D:7      | Mangled by a hornet

Illustrated notes

Levels and vault maps discovered:
D:1:      dpeg_arrival_renting, layout_rooms,
          hellmonk_ecumenical_altar_slurped_away, interstate_on_off
D:2:      layout_loops_ring, uniq_terence
D:3:      layout_basic, serial_undead, serial_undead_f, serial_undead_e,
          serial_undead_d, serial_undead_a, serial_undead_e, serial_undead_a,
          serial_undead_a, serial_undead_e
D:4:      layout_cave_pools, serial_shops, shop, kennysheep_mini_moat, shop,
          shop, gammafunk_ghost_grave
D:7:      layout_basic

Skill      XL: |  1  2  3  4  5  6  7 |
---------------+----------------------+-----
Dodging        | 2 3 4 |  4.4
Short Blades   | 1 |  1.0
Fighting       | 3 4 5 6 |  6.3
Stealth        | |  0.4
Unarmed Combat | |  3.7
Spellcasting   | |  2.1
Transmutations | |  2.2

Action                   |  1- 3 |  4- 6 |  7- 9 || total
-------------------------+-------+-------+-------++-------
Melee: Unarmed           |    38 |       |       ||    38
       Kick              |     5 |       |       ||     5
       Tailslap          |    15 |    19 |       ||    34
       Dagger            |   107 |    76 |       ||   183
       Punch             |     2 |     3 |       ||     5
       Falchion          |       |   137 |    10 ||   147
Throw: Dart              |     1 |     2 |       ||     3
 Cast: Beastly Appendage |     7 |       |       ||     7
Invok: Berserk           |     2 |     4 |     1 ||     7
       Trog's Hand       |       |     2 |     2 ||     4
  Use: Scroll            |       |       |     5 ||     5
       Potion            |       |       |     1 ||     1
 Stab: Sleeping          |     1 |     1 |       ||     2
Armor: Skin              |    29 |    91 |     5 ||   125
Dodge: Dodged            |    95 |   191 |    11 ||   297

Table legend: (Time is in decaauts)
 A = Elapsed time spent in this place.
 B = Non-inter-level travel time spent in this place.
 C = Inter-level travel time spent in this place.
 D = Time resting spent in this place.
 E = Time spent auto-exploring this place.
 F = Levels seen in this place.
 G = Mean time per level.
                   A        B        C        D        E       F      G
               +--------+--------+--------+--------+--------+-----+--------+
         Total |   4013 |   3915 |     98 |     95 |   2969 |   5 |  802.6 |
       Dungeon |   4013 |   3915 |     98 |     95 |   2969 |   5 |  802.6 |
               +--------+--------+--------+--------+--------+-----+--------+

Top non-repeatable levels by time:
     D:1: 1241 daAuts
     D:3: 1187 daAuts
     D:2: 1046 daAuts
     D:4: 370 daAuts
     D:7: 168 daAuts
